 Dungeon Crawl Stone Soup version 0.22-a0-113-gdd6f4a9 (webtiles) character file.

16154 Moloch the Impaler (level 12, 0/107 HPs)
             Began as a Hill Orc Fighter on Jan 29, 2018.
             Was a High Priest of Beogh.
             Shot with an arrow by Nessos (11 damage)
             ... on level 2 of the Orcish Mines.
             The game lasted 00:24:46 (11857 turns).

Moloch the Impaler (Hill Orc Fighter)              Turns: 11857, Time: 00:24:47

Health: 0/107      AC: 13    Str: 20    XL:     12   Next: 34%
Magic:  12/12      EV:  9    Int: 11    God:    Beogh [*****.]
Gold:   946        SH:  0    Dex: 14    Spells: 11/11 levels left

rFire    + . .     SeeInvis +   B - +3 halberd (freeze) (curse)
rCold    . . .     Gourm    .   (shield currently unavailable)
rNeg     . . .     Faith    .   x - +4 scale mail of Vong {Regen+ Int+3}
rPois    .         Spirit   .   c - +0 helmet
rElec    .         Reflect  .   (no cloak)
rCorr    .         Harm     .   (no gloves)
MR       .....                  v - +0 pair of boots
Stlth    ..........             (no amulet)
HPRegen  0.67/turn              I - ring of see invisible
MPRegen  0.13/turn              J - ring of protection from fire

@: no status effects
A: walk on water
a: Smiting, Recall Orcish Followers, Give Item to Named Follower, Renounce
Religion


You were on level 2 of the Orcish Mines.
You worshipped Beogh.
Beogh was extremely pleased with you.
You were hungry.

You visited 2 branches of the dungeon, and saw 14 of its levels.
You also visited: Labyrinth.

You collected 946 gold pieces.

Inventory:

Hand Weapons
 a - a cursed +0 trident
 s - a cursed +0 halberd of flaming
 B - a cursed +3 halberd of freezing (weapon)
Armour
 c - a +0 helmet (worn)
 k - a +0 chain mail of cold resistance
 v - a +0 pair of boots (worn)
 x - the +4 scale mail of Vong (worn) {Regen+ Int+3}
   (You found it in a labyrinth)

   It affects your intelligence (+3).
   It increases your rate of regeneration.
 P - a cursed +1 hat of magic resistance
Jewellery
 I - a ring of see invisible (left hand)
 J - a ring of protection from fire (right hand)
Wands
 m - a wand of disintegration (25)
 o - a wand of iceblast (11)
 r - a wand of random effects (44)
 A - a wand of flame (23)
 N - a wand of acid (24)
 O - a wand of polymorph (8)
 Q - a wand of paralysis (12)
Scrolls
 b - 3 scrolls of enchant weapon
 g - a scroll of enchant armour
 h - a scroll of fog
 i - a scroll of immolation
 l - a scroll of remove curse
 w - a scroll of acquirement {unknown}
 y - 2 scrolls of teleportation
 z - a scroll of blinking
 C - 2 scrolls of identify
 H - a scroll of torment {unknown}
Potions
 d - 4 potions of might
 e - 3 potions of lignification
 j - a potion of brilliance
 n - 2 potions of degeneration
 p - 2 potions of flight
 q - 3 potions of curing
 u - a potion of mutation
 E - 3 potions of heal wounds
 F - a potion of agility
Books
 t - Vehumet's Papyrus of Arcane Weapons
   (You found it on level 4 of the Dungeon)

   Spells                             Type                      Level
   a - Magic Dart                     Conjuration                  1
 D - a book of Minor Magic

   Spells                             Type                      Level
   a - Magic Dart                     Conjuration                  1
   b - Blink                          Translocation                2
   c - Call Imp                       Summoning                    2
   d - Slow                           Hexes                        2
   e - Conjure Flame                  Conjuration/Fire             3
   f - Mephitic Cloud                 Conjuration/Poison/Air       3
Comestibles
 f - 16 rations


   Skills:
 + Level 10.4 Fighting
 * Level 18.3 Polearms
 - Level 3.2 Armour
   Level 3.2 Shields


You had 11 spell levels left.
You didn't know any spells.

Dungeon Overview and Level Annotations

Branches:
Dungeon (12/15)            Temple (0/1) D:5            Lair (0/6) D:8
    Orc (2/2) D:10            Elf (0/3) Orc:2

Altars:
Gozag
Kikubaaqudgha
Makhleb
Okawaru
Sif Muna
Vehumet

Shops:
D:7 %   Orc:1 (   Orc:2 [

Annotations:
D:7 1 runed door, Tovarisch's ghost, novice DENe
Orc:2 Nessos


Message History

The arrow hits your orc wizard!! The arrow burns your orc wizard.
Your orc wizard dies!
Your orc warrior hits Nessos but does no damage.
Unknown command.
Unknown command.
Attack whom?
Press: ? - help, Dir - move target cursor, f/p - Nessos
Aim: Nessos, wielding a longbow of flaming and wearing a shiny centaur barding (moderately wounded, fast)
You reach to attack!
You hit Nessos but do no damage.
Nessos is moderately wounded.
You feel sick.
Nessos blinks!
Nessos shoots an arrow.
The arrow hits you!
* * * LOW HITPOINT WARNING * * *
The arrow burns you.
You are more poisoned.
* * * LOW HITPOINT WARNING * * *
Unknown command.
You feel better.
Your orc warrior dies!
Nessos shoots an arrow.
The arrow hits you!
You die...

#### #..## ###...##
##....#c##### ....
##........##.##....
##($.......#...#$...
#..@..o.....#.##....
##$.))...<..#.....#.
........ยง.....#...o....
#.#....#o...........#
......$#.####...>.).#
.......#.# #.....<..#
...........#.........###
#####.....#....$......#.
#... ..#....#....)).


You could see Nessos, a friendly orc warrior and the friendly Wardok the orc
wizard.

Vanquished Creatures
  The ghost of kuniqs the Summoner, a journeyman GnSu of Hepliaklqana (Orc:1)
  A minotaur (Lab)
  Harold (D:11)
  3 two-headed ogres
  Joseph (D:8)
  3 trolls
  4 hippogriffs
  A human (D:7)
  3 hogs (D:7)
  3 yaks
  A wraith (D:10)
  A vampire (D:10)
  A steam dragon (D:11)
  Grum (D:9)
  A hungry ghost (D:10)
  2 insubstantial wisps (D:11)
  2 soldier ants (D:7)
  A water moccasin (D:7)
  2 orc warriors
  8 sky beasts
  3 ice beasts
  9 ogres
  2 phantoms
  3 wolves (D:8)
  7 centaurs (D:11)
  A big kobold (D:10)
  6 bullfrogs
  A gnoll sergeant (D:7)
  A wyvern skeleton (D:10)
  A water moccasin skeleton (D:9)
  3 scorpions
  The ghost of p0werm0de the Chopper, a weakling FoCK of Xom (D:4)
  A killer bee (D:7)
  A wight (D:11)
  An electric eel (D:6)
  A howler monkey (D:12)
  2 crimson imps
  2 bullfrog zombies
  A jelly (D:7)
  2 bullfrog skeletons
  A centaur skeleton (D:6)
  6 orc priests
  3 hounds
  Jessica (D:3)
  3 iguanas
  Ijyb (D:3)
  9 orc wizards
  12 worker ants
  A hound skeleton (D:11)
  Robin (D:3)
  9 gnolls
  16 adders
  A shadow imp (D:11)
  An ooze (D:6)
  An adder skeleton (D:7)
  2 adder zombies
  4 worms
  4 dart slugs
  8 leopard geckos
  28 orcs
  3 ball pythons
  6 bats
  6 giant cockroaches
  17 hobgoblins
  9 jackals
  10 kobolds
  6 quokkas
  6 frilled lizards
  20 goblins
  6 rats
291 creatures vanquished.

Vanquished Creatures (collateral kills)
  Gastronok (D:11)
  An orc knight (Orc:2)
  An orc sorcerer (Orc:1)
  An ugly thing (D:11)
  A gargoyle (D:11)
  2 trolls
  A wraith (D:11)
  2 yaks (D:10)
  A hungry ghost (D:9)
  A warg (Orc:2)
  2 orc warriors
  A sky beast (D:11)
  3 ogres
  A centaur (D:9)
  A bullfrog (D:9)
  A scorpion (D:11)
  A howler monkey (D:12)
  2 wights (D:11)
  A crimson imp (D:9)
  A jelly (D:11)
  3 orc priests
  2 centaur skeletons
  An orc wizard (D:10)
  A worker ant (D:12)
  A leopard gecko (D:9)
  2 orcs
  2 jackals (D:10)
  A quokka (D:9)
39 creatures vanquished.

Vanquished Creatures (others)
  2 orc warriors
  3 orc wizards
  4 orc priests
  11 orcs
20 creatures vanquished.

Grand Total: 350 creatures vanquished

Notes
Turn   | Place    | Note
-------+----------+-------------------------------------------
     0 | D:1      | Moloch the Hill Orc Fighter began the quest for the Orb.
     0 | D:1      | Reached XP level 1. HP: 19/19 MP: 1/1
    82 | D:1      | Reached XP level 2. HP: 27/27 MP: 2/2
   639 | D:1      | Reached skill level 3 in Polearms
   977 | D:2      | Reached XP level 3. HP: 33/33 MP: 3/3
  1440 | D:2      | Reached XP level 4. HP: 38/41 MP: 4/4
  1458 | D:2      | Reached skill level 4 in Polearms
  2023 | D:3      | Found an iron altar of Okawaru.
  2072 | D:3      | Reached XP level 5. HP: 46/47 MP: 5/5
  2111 | D:3      | Reached skill level 5 in Polearms
  2155 | D:3      | Found an opulent altar of Gozag.
  2268 | D:3      | Noticed Jessica
  2282 | D:3      | Killed Jessica
  2345 | D:3      | Noticed Ijyb
  2359 | D:3      | Reached XP level 6. HP: 47/55 MP: 6/6
  2366 | D:3      | Reached skill level 6 in Polearms
  2387 | D:3      | Killed Ijyb
  2539 | D:3      | Noticed Robin
  2551 | D:3      | Killed Robin
  2908 | D:4      | Found a burning altar of Makhleb.
  2965 | D:4      | Noticed p0werm0de's ghost (weakling FoCK)
  2988 | D:4      | Killed p0werm0de's ghost
  3076 | D:4      | Found a deep blue altar of Sif Muna.
  3077 | D:4      | Found an ancient bone altar of Kikubaaqudgha.
  3077 | D:4      | Found a radiant altar of Vehumet.
  3083 | D:4      | Identified Vehumet's Papyrus of Arcane Weapons
  3202 | D:4      | Reached skill level 5 in Fighting
  3205 | D:4      | Became a worshipper of Beogh the Brigand
  3208 | D:4      | Reached skill level 7 in Polearms
  3272 | D:4      | Noticed a phantom
  3290 | D:4      | Reached XP level 7. HP: 31/61 MP: 7/7
  3569 | D:4      | Reached skill level 8 in Polearms
  3693 | D:5      | Entered Level 5 of the Dungeon
  3907 | D:5      | Found an iron altar of Okawaru.
  4220 | D:5      | Found a staircase to the Ecumenical Temple.
  4534 | D:6      | Reached skill level 9 in Polearms
  4534 | D:6      | Reached XP level 8. HP: 10/69 MP: 8/8
  4862 | D:6      | Reached * piety under Beogh
  5091 | D:6      | Reached skill level 10 in Polearms
  5741 | D:7      | Noticed a hippogriff
  5762 | D:7      | Killed a hippogriff
  5942 | D:7      | Reached skill level 11 in Polearms
  5961 | D:7      | Noticed Tovarisch's ghost (novice DENe)
  6356 | D:7      | Reached XP level 9. HP: 55/78 MP: 9/9
  6599 | D:7      | Reached ** piety under Beogh
  6655 | D:7      | Found a runed door.
  6674 | D:7      | Found a runed door.
  6700 | D:7      | Reached skill level 12 in Polearms
  6924 | D:7      | Found Vegel's Food Shoppe.
  7184 | D:7      | Reached skill level 13 in Polearms
  7463 | D:8      | Reached XP level 10. HP: 87/88 MP: 10/10
  7541 | D:8      | Found a staircase to the Lair.
  7571 | D:8      | Noticed Joseph
  7575 | D:8      | Reached *** piety under Beogh
  7584 | D:8      | Killed Joseph
  7584 | D:8      | Reached skill level 14 in Polearms
  7946 | D:9      | Noticed Grum
  8099 | D:9      | Killed Grum
  8224 | D:10     | Entered Level 10 of the Dungeon
  8554 | D:9      | Noticed a two-headed ogre
  8564 | D:9      | Killed a two-headed ogre
  8926 | D:9      | Reached skill level 15 in Polearms
  9200 | D:10     | Noticed a two-headed ogre
  9205 | D:10     | Killed a two-headed ogre
  9205 | D:10     | Reached **** piety under Beogh
  9205 | D:10     | Reached XP level 11. HP: 39/97 MP: 11/11
  9402 | D:10     | Found the cursed +13 scythe of Curses {drain, *Curse}
  9792 | D:10     | Found a staircase to the Orcish Mines.
 10004 | D:11     | Reached skill level 16 in Polearms
 10390 | D:11     | Noticed Gastronok
 10405 | D:11     | Killed Gastronok
 10450 | D:11     | Noticed a two-headed ogre
 10453 | D:11     | Killed a two-headed ogre
 10453 | D:11     | Reached skill level 17 in Polearms
 10540 | D:11     | Reached ***** piety under Beogh
 10663 | D:11     | Reached skill level 10 in Fighting
 10724 | D:11     | Noticed a white ugly thing
 10727 | D:11     | Noticed Harold
 10728 | D:11     | Killed a white ugly thing
 10738 | D:11     | Killed Harold
 10787 | D:11     | Gained Borgk as an ally
 10977 | D:12     | Reached XP level 12. HP: 106/106 MP: 12/12
 11044 | D:12     | Found a labyrinth entrance.
 11054 | Lab      | Entered a labyrinth
 11138 | Lab      | Noticed a minotaur
 11143 | Lab      | Killed a minotaur
 11163 | Lab      | Got a translucent scale mail
 11174 | Lab      | Identified the +4 scale mail of Vong {Regen+ Int+3} (You found it in a labyrinth)
 11425 | Orc:1    | Entered Level 1 of the Orcish Mines
 11443 | Orc:1    | Noticed kuniqs's ghost (journeyman GnSu)
 11460 | Orc:1    | Killed kuniqs's ghost
 11460 | Orc:1    | Reached skill level 18 in Polearms
 11680 | Orc:1    | Found Aniabbuh's Weapon Shop.
 11690 | Orc:1    | Paralysed by an orc sorcerer for 7 turns
 11804 | Orc:2    | Entered Level 2 of the Orcish Mines
 11804 | Orc:2    | Found Cenley's Armour Boutique.
 11812 | Orc:2    | Gained Wardok as an ally
 11820 | Orc:2    | Found a staircase to the Elven Halls.
 11848 | Orc:2    | Noticed Nessos
 11856 | Orc:2    | HP: 5/107 [Nessos/arrow (12)]
 11857 | Orc:2    | Shot with an arrow by Nessos

Vault maps used:
D:1:      lemuel_arrival_lava_pool, serial_co_window_serial, co_window_paths_a,
          co_window_of_opportunity_a, co_window_paths_b, co_window_corner_a,
          co_window_corner_a, co_window_corner_b, co_window_cross_3,
          co_window_broadway_b, co_window_of_opportunity_c,
          co_window_broadway_a, co_window_corner_ca, glass_columns_a
D:2:      nicolae_overflow_hidden_temple, moated_statue, serial_bayou_lagoon_b
D:3:      lemuel_round_altar, st_stairs_12, kennysheep_nondescript,
          nicolae_gozag_seed_capital, uniq_jessica, uniq_robin, uniq_ijyb
D:4:      grunt_temple_overflow_magic_moments, lemuel_doored_altar
D:5:      lemuel_temple_firewalk_b, first_ration, kennysheep_okawaru_gauntlet
D:6:      minivault_14
D:7:      lemuel_insect_pit, serial_shops, nicolae_shop_statue_plus,
          grunt_livestock
D:8:      lair_entry_dummy, uniq_joseph
D:9:      uniq_grum
D:10:     orc_0_dummy
D:11:     hangedman_misty_isle, uniq_gastronok, uniq_harold
D:12:     lab_entry_generic, uniq_frances
Orc:1:    serial_shops, shop, nicolae_orc_lava_room
Orc:2:    st_orc_rangers, portal_ice_cave_demonic_guard, serial_shops,
          nicolae_shop_window_shopping, uniq_nessos
Lab:      labyrinth_watery, nicolae_lab_garden, nicolae_lab_dead_end,
          nicolae_lab_blocks, lab_statue

Skill      XL: |  1  2  3  4  5  6  7  8  9 10 11 12 |
---------------+-------------------------------------+-----
Fighting       | 4 5 6 7 9 10 | 10.4
Polearms       | 3 4 5 7 9 11 13 15 17 18 | 18.3
Armour         | |  3.2
Shields        | |  3.2

Action                   |  1- 3 |  4- 6 |  7- 9 | 10-12 || total
-------------------------+-------+-------+-------+-------++-------
Melee: Trident           |   127 |   233 |       |       ||   360
       Halberd           |       |    94 |   351 |   255 ||   700
       Scythe            |       |       |       |    90 ||    90
Invok: Convert to Beogh  |       |     1 |       |       ||     1
       Recall Orcish Fol |       |       |       |     3 ||     3
       Give Item to Name |       |       |       |     1 ||     1
Evoke: Wand              |       |       |       |     6 ||     6
  Use: Scroll            |       |       |    10 |    12 ||    22
       Potion            |       |       |       |     1 ||     1
  Eat: Chunk             |     2 |     7 |    10 |    13 ||    32
       Ration            |       |       |     1 |     1 ||     2
Armor: Scale mail        |    32 |    15 |       |    15 ||    62
       Plate armour      |       |   189 |   181 |   130 ||   500
Dodge: Dodged            |    18 |    64 |    63 |    48 ||   193
Block: Shield            |    51 |   101 |       |       ||   152

Table legend:
 A = Spawn XP
 B = Non-spawn XP
 C = Spawn XP percentage of total XP
 D = Spawn monster count
 E = Non-spawn monster count
 F = Spawn count percentage of total count
 G = Total turns spent on level
                    A         B        C        D         E        F      G
               +---------+---------+-------+---------+---------+-------+---------
         Total |       0 |   23078 |   0.0 |       0 |     330 |   0.0 | 11857
               +---------+---------+-------+---------+---------+-------+---------
           D:1 |       0 |      32 |   0.0 |       0 |      20 |   0.0 |   939
           D:2 |       0 |      59 |   0.0 |       0 |      21 |   0.0 |   747
           D:3 |       0 |     325 |   0.0 |       0 |      55 |   0.0 |  1164
           D:4 |       0 |     483 |   0.0 |       0 |      15 |   0.0 |   843
           D:5 |       0 |     193 |   0.0 |       0 |      11 |   0.0 |   819
           D:6 |       0 |     711 |   0.0 |       0 |      24 |   0.0 |  1535
           D:7 |       0 |    2831 |   0.0 |       0 |      44 |   0.0 |  1405
           D:8 |       0 |    2257 |   0.0 |       0 |      28 |   0.0 |   663
           D:9 |       0 |    1332 |   0.0 |       0 |      14 |   0.0 |   982
          D:10 |       0 |    3109 |   0.0 |       0 |      25 |   0.0 |   947
          D:11 |       0 |    6889 |   0.0 |       0 |      42 |   0.0 |   960
          D:12 |       0 |    1073 |   0.0 |       0 |      11 |   0.0 |   300
         Orc:1 |       0 |    1814 |   0.0 |       0 |       8 |   0.0 |   379
         Orc:2 |       0 |     932 |   0.0 |       0 |      11 |   0.0 |    53
           Lab |       0 |    1038 |   0.0 |       0 |       1 |   0.0 |   121
               +---------+---------+-------+---------+---------+-------+---------
